 Dungeon Crawl Stone Soup version 0.25-a0-782-g655279c (webtiles) character file.

Game seed: 4824103351517821539, levelgen mode: deterministic

22497 BlueFish the Thaumaturge (level 12, -2/91 HPs)
             Began as a Mummy Wizard on Apr 15, 2020.
             Was a High Priest of Kikubaaqudgha.
             Slain by an ice devil (5 damage)
             ... in an ice cave on Apr 16, 2020.
             The game lasted 01:00:27 (25385 turns).

BlueFish the Thaumaturge (Mummy Wizard)            Turns: 25385, Time: 01:00:28

Health: -2/91      AC:  4    Str: 16    XL:     12   Next: 63%
Magic:  20/39      EV: 15    Int: 21    God:    Kikubaaqudgha [*****.]
Gold:   942        SH:  0    Dex: 14    Spells: 4/40 levels left

rFire    x . .     SeeInvis +   o - +8 spear "Lurudoc" {vorpal, MP+9 Dex+4}
rCold    + + .     Gourm    .   (no shield)
rNeg     + + +     Faith    +   a - +0 robe
rPois    ∞         Spirit   .   t - +0 hat {SInv}
rElec    .         Reflect  .   e - +0 cloak of Tomorrow {rC+ Str+4 Stlth+} (curse)
rCorr    .         Harm     .   (no gloves)
MR       +....                  h - +0 pair of boots
Stlth    ++++......             n - amulet of faith
HPRegen  0.25/turn              (no ring)
MPRegen  0.26/turn              (no ring)

@: no status effects
A: no food or potions, fire vulnerability, cold resistance 1, negative energy
resistance 3, torment resistance, unbreathing
a: Receive Corpses, Torment, Renounce Religion


You were in an ice cave.
You worshipped Kikubaaqudgha.
Kikubaaqudgha was extremely pleased with you.
You were not hungry.

You visited 3 branches of the dungeon, and saw 18 of its levels.
You also visited: Ice Cave.

You collected 942 gold pieces.

Inventory:

Hand Weapons
 g - a +2 trident of venom
 o - the +8 spear "Lurudoc" (weapon) {vorpal, MP+9 Dex+4}
   (You found it on level 4 of the Dungeon)

   It inflicts extra damage upon your enemies.
   It affects your dexterity (+4).
   It affects your magic capacity (+9).
 x - a +2 halberd of freezing
 z - a +0 vampiric trident
Armour
 a - a +0 robe (worn)
 e - the cursed +0 cloak of Tomorrow (worn) {rC+ Str+4 Stlth+}
   (You found it on level 10 of the Dungeon)

   It affects your strength (+4).
   It protects you from cold.
   It makes you more stealthy.
   It has a curse placed upon it.
 h - a +0 pair of boots (worn)
 t - a +0 hat of see invisible (worn)
Jewellery
 d - an uncursed amulet of the acrobat
 n - an amulet of faith (around neck)
 u - an uncursed amulet of regeneration
Wands
 b - a wand of acid (1)
 m - a wand of flame (38)
 p - a wand of iceblast (11)
 w - a wand of enslavement (7)
 B - a wand of random effects (38)
Scrolls
 c - 4 scrolls of fog
 f - 3 scrolls of amnesia
 i - 2 scrolls of noise
 j - 5 scrolls of enchant armour
 k - 4 scrolls of teleportation
 l - a scroll of vulnerability
 q - 4 scrolls of enchant weapon
 r - 3 scrolls of magic mapping
 s - 4 scrolls of remove curse
 v - 2 scrolls of fear
 y - a scroll of summoning
 A - a scroll of immolation
 C - 3 scrolls of identify
 D - a scroll of blinking
 E - 2 scrolls of brand weapon


   Skills:
 * Level 7.3 Fighting
   Level 0.1 Maces & Flails
 + Level 5.3 Polearms
 * Level 5.9 Dodging
 * Level 6.8 Stealth
 * Level 14.6 Spellcasting
 + Level 2.8 Conjurations
 + Level 3.0 Summonings
 * Level 8.8 Necromancy
 + Level 0.9 Translocations
 + Level 0.2 Air Magic
 + Level 0.1 Earth Magic
 + Level 0.2 Poison Magic
 * Level 1.8 Evocations


You had 4 spell levels left.
You knew the following spells:

 Your Spells              Type           Power        Failure   Level  Hunger
a - Pain                  Necr           ####         1%          1    N/A
b - Blink                 Tloc           N/A          4%          2    N/A
c - Call Imp              Summ           ####....     1%          2    N/A
d - Slow                  Hex            ###.....     6%          2    N/A
e - Mephitic Cloud        Conj/Pois/Air  ###.....     8%          3    N/A
f - Magic Dart            Conj           ####         1%          1    N/A
g - Vampiric Draining     Necr           ######....   1%          3    N/A
h - Corpse Rot            Necr/Air       N/A          1%          2    N/A
i - Dazzling Flash        Conj/Hex       ###...       7%          3    N/A
j - Dispel Undead         Necr           ######..     1%          4    N/A
k - Agony                 Necr           ######..     3%          5    N/A
l - Borgnjor's Vile Clut  Necr/Erth      ####......   19%         5    N/A
m - Call Canine Familiar  Summ           ####....     3%          3    N/A

Your spell library contained the following spells:

 Spells                   Type           Power        Failure   Level  Hunger
 Animate Skeleton         Necr           N/A          1%          1    N/A
 Summon Small Mammal      Summ           ####         1%          1    N/A
 Corona                   Hex            ###....      4%          1    N/A
 Ensorcelled Hibernation  Hex/Ice        ###...       6%          2    N/A
 Summon Guardian Golem    Hex/Summ       ###.....     6%          3    N/A
 Conjure Flame            Conj/Fire      ###.....     7%          3    N/A
 Confusing Touch          Hex            ###.....     12%         3    N/A
 Tukima's Dance           Hex            ###.....     12%         3    N/A
 Summon Lightning Spire   Summ/Air       ###.....     21%         4    N/A
 Summon Ice Beast         Ice/Summ       ###.....     22%         4    N/A
 Excruciating Wounds      Chrm/Necr      ####......   19%         5    N/A
 Simulacrum               Ice/Necr       ####......   69%         6    N/A

Dungeon Overview and Level Annotations

Branches:
Dungeon (12/15)            Temple (1/1) D:7            Lair (5/6) D:11
 Shoals (0/4) Lair:4       Spider (0/4) Lair:3        Slime (0/5) Lair:5
  IceCv (1/1)
    Orc: D:9-12

Altars:
Ashenzari
Cheibriados
Dithmenos
Elyvilon
Fedhas
Gozag
Hepliaklqana
Kikubaaqudgha
Makhleb
Nemelex Xobeh
Okawaru
Qazlal
Ru
Sif Muna
Trog
Uskayaw
Vehumet
Wu Jian
Xom
Yredelemnul
Zin
The Shining One

Annotations:
D:3 Jessica
Lair:3 exclusion: 4 oklob plants
Lair:5 exclusion: 2 death yaks


Innate Abilities, Weirdness & Mutations

You do not eat or drink.
Your flesh is vulnerable to fire.
You are immune to poison.
Your flesh is cold resistant. (rC+)
You are immune to negative energy. (rN+++)
You are immune to unholy pain and torment.
You can survive without breathing.


Message History

Casting: Dazzling Flash (safe; 7% risk of failure)
Confirm with . or Enter, or press ? or * to list all spells.
The ice devil is dazzled. x2; The ice devil barely misses you. x2
Evoke which item? (* to show all) (? for menu, Esc to quit)
Aiming: Corrosive Bolt
Press: ? - help, Shift-Dir - straight line, f - ice devil, p - ice devil
Aim: an ice devil (severely wounded, blind, covered in acid, hasn't noticed you)
The bolt of acid hits the ice devil!
The ice devil is splashed with acid.
The ice devil seems to be corroded for longer.
You kill the ice devil!
Kikubaaqudgha accepts your kill.
Your Summonings skill increases to level 3!
The bolt of acid hits the ice devil.
The ice devil is splashed with acid!
The acid corrodes the ice devil!
The ice devil is moderately wounded.
The ice devil hits you!
* * * LOW HITPOINT WARNING * * *
The ice devil freezes you. You resist.
You die...
Kikubaaqudgha rasps: "You have failed me!
Welcome... oblivion!"

#...# ##..## #....#
##..... #### #......
##..###### ##.....
##....##..## ###....°.
#.....4....###.......○
#.∩.∩@..4...#4........
#.......##....##......
##....#####..####....§
##..## #### #......
#### ####.#. ###


You could see 2 ice devils.

Vanquished Creatures
  A hydra (Lair:1)
  Urug (Lair:3)
  A manticore (D:11)
  A cyclops (D:11)
  3 elephants
  2 ice statues (IceCv)
  2 black mambas
  A centaur zombie (D:10)
  6 spiny frogs
  An ice devil (IceCv)
  4 komodo dragons
  2 tengu conjurers (D:9)
  2 merfolk (Lair:4)
  A troll (D:10)
  A hornet (D:11)
  3 blink frogs (Lair:4)
  7 dream sheep (Lair:2)
  6 hippogriffs
  A redback (Lair:3)
  3 hogs (D:9)
  A wraith (D:11)
  A wyvern (D:10)
  12 yaks
  A basilisk (Lair:2)
  A human (D:9)
  A hungry ghost (D:11)
  6 water moccasins
  10 porcupines
  2 sky beasts
  4 orc warriors
  An ice beast (D:11)
  6 ogres
  A phantom (D:10)
  5 centaurs
  8 wolves
  6 crocodiles
  19 bullfrogs
  A big kobold (D:11)
  5 scorpions
  4 killer bees (D:11)
  8 wights
  3 howler monkeys (D:11)
  4 electric eels
  2 crimson imps
  A quasit (D:11)
  5 hounds
  2 jellies (D:11)
  Crazy Yiuf (D:3)
  5 orc priests
  7 orc wizards
  A bullfrog skeleton (D:11)
  2 iguanas
  5 worker ants
  A hound zombie (D:8)
  A hound skeleton (D:9)
  2 worker ant zombies
  A howler monkey skeleton (D:4)
  7 gnolls
  13 adders
  2 shadow imps
  11 white imps
  4 ufetubi (IceCv)
  2 oozes
  An adder zombie (D:6)
  9 leopard geckos
  31 orcs
  2 ball pythons
  8 giant cockroaches
  3 hobgoblins
  11 jackals
  9 quokkas
  12 bats
  4 frilled lizards
  6 goblins
  14 kobolds
  2 leopard gecko skeletons
  11 rats
  A fire vortex (Lair:3)
358 creatures vanquished.

Vanquished Creatures (collateral kills)
  A crocodile (Lair:5)
  Terence (D:3)
  4 gnolls (D:2)
  An adder (D:2)
  A white imp (Lair:5)
  A worm (D:2)
  A kobold (D:2)
10 creatures vanquished.

Vanquished Creatures (others)
  3 white imps (IceCv)
  8 ufetubi (IceCv)
  29 fungi
  27 plants
67 creatures vanquished.

Grand Total: 435 creatures vanquished

Notes
Turn   | Place    | Note
-------+----------+-------------------------------------------
     0 | D:1      | BlueFish the Mummy Wizard began the quest for the Orb.
     0 | D:1      | Reached XP level 1. HP: 13/13 MP: 5/5
   295 | D:1      | Reached XP level 2. HP: 20/20 MP: 2/7
   299 | D:1      | Learned a level 2 spell: Blink
   302 | D:1      | Learned a level 2 spell: Call Imp
   305 | D:1      | Learned a level 2 spell: Slow
  1301 | D:2      | Found a snail-covered altar of Cheibriados.
  1358 | D:2      | Reached XP level 3. HP: 24/25 MP: 1/9
  1363 | D:2      | Learned a level 3 spell: Mephitic Cloud
  1387 | D:2      | Reached skill level 5 in Spellcasting
  1551 | D:2      | Reached skill level 1 in Summonings
  1866 | D:2      | Reached skill level 1 in Fighting
  1866 | D:2      | Reached XP level 4. HP: 32/32 MP: 8/11
  1914 | D:2      | Reached skill level 1 in Conjurations
  1930 | D:2      | Found a faded altar of an unknown god.
  2563 | D:2      | Found a glowing golden altar of the Shining One.
  2914 | D:3      | Reached XP level 5. HP: 37/37 MP: 11/13
  3167 | D:3      | Noticed Terence
  3190 | D:3      | Killed Terence
  3304 | D:3      | Reached skill level 6 in Spellcasting
  3776 | D:3      | Found a runed translucent door.
  3777 | D:3      | Noticed Crazy Yiuf
  3865 | D:3      | Noticed Jessica
  3962 | D:3      | Killed Crazy Yiuf
  3962 | D:3      | Reached XP level 6. HP: 23/44 MP: 7/15
  4339 | D:4      | Found a shattered altar of Ashenzari.
  4495 | D:4      | Got a translucent spear
  4496 | D:4      | Identified the +8 spear "Lurudoc" {vorpal, MP+9 Dex+4} (You
                  | found it on level 4 of the Dungeon)
  4567 | D:4      | Reached skill level 1 in Polearms
  5000 | D:4      | Reached XP level 7. HP: 51/51 MP: 17/17
  5009 | D:4      | Reached skill level 7 in Spellcasting
  5265 | D:5      | Entered Level 5 of the Dungeon
  6467 | D:6      | Reached XP level 8. HP: 46/58 MP: 19/19
  6472 | D:6      | Reached skill level 8 in Spellcasting
  7239 | D:7      | Found a staircase to the Ecumenical Temple.
  7248 | Temple   | Entered the Ecumenical Temple
  7328 | Temple   | Became a worshipper of Kikubaaqudgha
  7549 | D:7      | Found a glowing silver altar of Zin.
  7549 | D:7      | Found a stormy altar of Qazlal.
  8549 | D:8      | Noticed a hippogriff
  8555 | D:8      | Killed a hippogriff
  8555 | D:8      | Reached skill level 9 in Spellcasting
  8969 | D:8      | Reached XP level 9. HP: 65/65 MP: 22/22
  9860 | D:9      | Reached * piety under Kikubaaqudgha
  9860 | D:9      | Identified Kikubaaqudgha's Guide on Necromancy
                  | (Kikubaaqudgha gifted it to you on level 9 of the Dungeon)
  9860 | D:9      | Received a gift from Kikubaaqudgha
  9868 | D:9      | Reached skill level 10 in Spellcasting
  9874 | D:9      | Learned a level 1 spell: Pain
  9878 | D:9      | Learned a level 3 spell: Vampiric Draining
  9881 | D:9      | Learned a level 2 spell: Corpse Rot
 10097 | D:9      | Noticed a tengu conjurer
 10098 | D:9      | Noticed a tengu conjurer
 10113 | D:9      | Killed a tengu conjurer
 10113 | D:9      | Reached skill level 1 in Necromancy
 10132 | D:9      | HP: 3/66 [tengu conjurer[a tengu conjurer] (5)]
 10133 | D:9      | Found a sacrificial altar of Ru.
 10492 | D:9      | Killed a tengu conjurer
 10736 | D:9      | Reached skill level 5 in Fighting
 10837 | D:9      | Reached XP level 10. HP: 43/74 MP: 24/24
 10844 | D:9      | Reached skill level 5 in Stealth
 11272 | D:10     | Entered Level 10 of the Dungeon
 11489 | D:10     | Reached skill level 11 in Spellcasting
 11588 | D:10     | Got an ichor-stained cloak
 11651 | D:10     | Reached ** piety under Kikubaaqudgha
 12659 | D:10     | Learned a level 3 spell: Dazzling Flash
 13523 | D:11     | Noticed a cyclops
 13546 | D:11     | Killed a cyclops
 13546 | D:11     | Reached skill level 5 in Necromancy
 13788 | D:11     | Reached *** piety under Kikubaaqudgha
 13788 | D:11     | Identified Kikubaaqudgha's Handbook of Sinister Rituals
                  | (Kikubaaqudgha gifted it to you on level 11 of the Dungeon)
 13788 | D:11     | Received a gift from Kikubaaqudgha
 13795 | D:11     | Learned a level 4 spell: Dispel Undead
 13801 | D:11     | Learned a level 5 spell: Agony
 13851 | D:11     | Reached skill level 12 in Spellcasting
 13871 | D:11     | Reached XP level 11. HP: 68/81 MP: 25/27
 14080 | D:11     | Reached skill level 5 in Dodging
 14106 | D:11     | Identified the cursed +0 cloak of Tomorrow {rC+ Str+4
                  | Stlth+} (You found it on level 10 of the Dungeon)
 14164 | D:11     | Found a staircase to the Lair.
 14213 | D:11     | HP: 1/81 [manticore (12)]
 15392 | Lair:1   | Entered Level 1 of the Lair of Beasts
 15713 | Lair:1   | Found a glowing golden altar of the Shining One.
 16121 | Lair:1   | Reached **** piety under Kikubaaqudgha
 16293 | Lair:1   | Noticed a five-headed hydra
 16356 | Lair:1   | Learned a level 5 spell: Borgnjor's Vile Clutch
 16553 | Lair:1   | Killed a five-headed hydra
 16553 | Lair:1   | Reached skill level 13 in Spellcasting
 18066 | Lair:2   | Reached skill level 5 in Polearms
 18904 | Lair:3   | Reached skill level 1 in Evocations
 19216 | Lair:3   | Found a hole to the Spider Nest.
 19399 | Lair:3   | Noticed an oklob plant
 19401 | Lair:3   | Noticed an oklob plant
 19425 | Lair:3   | Reached XP level 12. HP: 71/91 MP: 29/29
 19505 | Lair:3   | Noticed Urug
 19521 | Lair:3   | Killed Urug
 19531 | Lair:3   | Got a pitted great sword
 20908 | Lair:4   | Noticed a five-headed hydra
 21372 | Lair:4   | Reached skill level 14 in Spellcasting
 21405 | Lair:3   | Upgraded the game from 0.25-a0-781-gc44aebf to
                  | 0.25-a0-782-g655279c
 22637 | Lair:4   | Found a staircase to the Shoals.
 23114 | Lair:5   | Noticed a five-headed hydra
 23465 | Lair:5   | Noticed a death yak
 23465 | Lair:5   | Noticed a death yak
 23508 | Lair:5   | Found a frozen archway.
 23531 | Lair:5   | Reached ***** piety under Kikubaaqudgha
 23549 | IceCv    | Entered an ice cave
 25138 | IceCv    | Learned a level 3 spell: Call Canine Familiar
 25385 | IceCv    | HP: 3/91 [ice devil (14)]
 25385 | IceCv    | Slain by an ice devil

Levels and vault maps discovered:
D:1:      nzn_arrival_water_spiral, layout_basic, minmay_statues_item
D:2:      layout_basic, overflow_temple_1_default, tso_oasis_becter,
          chequers_ecumenical_altar_grove, kennysheep_small_spiral
D:3:      layout_rooms, first_ration, minmay_bisected, uniq_crazy_yiuf_cottage,
          uniq_jessica, uniq_terence
D:4:      layout_layer_cave, lemuel_round_altar
D:5:      layout_cave_pools, kennysheep_generic_room_15
D:6:      layout_loops_ring
D:7:      layout_loops_ring, gammafunk_temple_overflow_wave,
          minmay_temple_entry_gardened_gates
D:8:      layout_gridville
D:9:      layout_basic, nicolae_ru_awakened_eye, minmay_misc_feat_doors,
          grunt_livestock
D:10:     layout_basic, grunt_ministairs_11
D:11:     layout_basic, grunt_lair_entry_orc_guard_hut
D:12:     layout_basic, orc_david_3, ebering_ghost_disaster_area
Temple:   eino_temple_scatter_basement
Lair:1:   layout_cave_shapes, basic_altar, grunt_megastairs_4
Lair:2:   layout_gridlike, lemuel_fruit_tree
Lair:3:   layout_gridlike, spider_nest_entry_webs, patterned_corridor,
          grunt_megastairs_2, infiniplex_staircase_pool_2,
          minmay_lair_oklob_chamber, uniq_urug
Lair:4:   layout_loops_ring, elwin_shoals_entry_rooms
Lair:5:   layout_long_grid, dpeg_slime_entry_enclosed_altar,
          portal_ice_cave_entry_imps, hibernation_bobbens
IceCv:    ice_cave_small_demon

Skill      XL: |  1  2  3  4  5  6  7  8  9 10 11 12 |
---------------+-------------------------------------+-----
Stealth        | 2 3 4 5 6 |  6.8
Spellcasting   | 5 6 7 9 10 12 13 14 | 14.6
Summonings     | 1 2 3 |  3.0
Fighting       | 1 2 3 4 5 7 |  7.3
Conjurations   | 1 2 |  2.8
Dodging        | 2 3 4 5 |  5.9
Polearms       | 1 2 3 4 5 |  5.3
Necromancy     | 1 5 7 8 |  8.8
Evocations     | 1 |  1.8
Maces & Flails | |  0.1
Translocations | |  0.9
Air Magic      | |  0.2
Earth Magic    | |  0.1
Poison Magic   | |  0.2

Action                   |  1- 3 |  4- 6 |  7- 9 | 10-12 || total
-------------------------+-------+-------+-------+-------++-------
Melee: Unarmed           |    20 |       |       |       ||    20
       Whip              |    30 |    17 |       |       ||    47
       Trident           |       |    48 |       |       ||    48
       Spear             |       |    20 |   239 |   558 ||   817
 Cast: Magic Dart        |    71 |   112 |   113 |    45 ||   341
       Call Imp          |     4 |    18 |    27 |     7 ||    56
       Mephitic Cloud    |       |     2 |     5 |    10 ||    17
       Pain              |       |       |    13 |   240 ||   253
       Vampiric Draining |       |       |     9 |   168 ||   177
       Blink             |       |       |       |    10 ||    10
       Borgnjor's Vile C |       |       |       |     3 ||     3
       Dazzling Flash    |       |       |       |    17 ||    17
       Agony             |       |       |       |     9 ||     9
       Call Canine Famil |       |       |       |     7 ||     7
Evoke: Wand              |       |       |       |     8 ||     8
  Use: Scroll            |       |     5 |     9 |     8 ||    22
 Stab: Sleeping          |       |     2 |     2 |     2 ||     6
       Confused          |       |     1 |     4 |     1 ||     6
       Distracted        |       |       |     3 |     1 ||     4
       Invisible         |       |       |       |     4 ||     4
Armor: Robe              |    14 |    11 |    16 |    64 ||   105
Dodge: Dodged            |    41 |    34 |    77 |   496 ||   648

Table legend:
 A = Non-vault XP
 B = Vault XP
 C = Vault XP percentage of total XP
 D = Non-vault monster count
 E = Vault monster count
 F = Vault count percentage of total count
                 A         B        C        D         E       F
            +---------+---------+-------+---------+---------+-------
      Total |   24692 |    7447 |  23.2 |     318 |      49 |  13.4
            +---------+---------+-------+---------+---------+-------
        D:1 |      33 |       0 |   0.0 |      22 |       0 |   0.0
        D:2 |     155 |       0 |   0.0 |      32 |       0 |   0.0
        D:3 |     141 |      63 |  30.9 |      28 |       3 |   9.7
        D:4 |     496 |       0 |   0.0 |      22 |       0 |   0.0
        D:5 |     430 |       2 |   0.5 |      21 |       1 |   4.5
        D:6 |     405 |       0 |   0.0 |      13 |       0 |   0.0
        D:7 |     464 |       0 |   0.0 |      11 |       0 |   0.0
        D:8 |     775 |       0 |   0.0 |      12 |       0 |   0.0
        D:9 |    1907 |    1001 |  34.4 |      16 |       5 |  23.8
       D:10 |    2608 |     316 |  10.8 |      28 |       6 |  17.6
       D:11 |    4629 |     529 |  10.3 |      47 |       5 |   9.6
     Lair:1 |    2093 |     973 |  31.7 |      12 |       1 |   7.7
     Lair:2 |    3394 |     570 |  14.4 |      23 |       2 |   8.0
     Lair:3 |    2230 |    1960 |  46.8 |       8 |       5 |  38.5
     Lair:4 |    3791 |     626 |  14.2 |      16 |       2 |  11.1
     Lair:5 |    1141 |      66 |   5.5 |       7 |       7 |  50.0
      IceCv |       0 |    1341 | 100.0 |       0 |      12 | 100.0
            +---------+---------+-------+---------+---------+-------
